 Dungeon Crawl Stone Soup version 0.20-a0-1017-gc3250ce (webtiles) character file.

70 Lochraine the Digger (level 4, 0/24 HPs)
             Began as a Gargoyle Earth Elementalist on Apr 16, 2017.
             Was an Initiate of Wu Jian.
             Killed by divine providence
             ... invoked by an orc priest
              (15 damage)
             ... on level 2 of the Dungeon.
             The game lasted 00:03:58 (1390 turns).

Lochraine the Digger (Gargoyle Earth Elementalist)  Turns: 1390, Time: 00:03:59

Health: 0/24       AC:  9    Str: 13    XL:     4   Next: 22%
Magic:  7/7        EV:  9    Int: 15    God:    Wu Jian [......]
Gold:   119        SH:  0    Dex: 10    Spells: 6/7 levels left

rFire    . . .     SeeInvis .   k - +2 whip (elec)
rCold    . . .     Gourm    .   (no shield)
rNeg     + . .     Faith    .   m - +0 scale mail
rPois    ∞         Spirit   .   (no helmet)
rElec    +         Reflect  .   (no cloak)
rCorr    .         Harm     .   (no gloves)
MR       .....                  (no boots)
Stlth    ..........             (no amulet)
Regen    0.1/turn               (no ring)
MPRegen  0.1/turn               (no ring)

@: slowed, very slow
A: negative energy resistance 1, electricity resistance, unbreathing,
petrification resistance, rot immunity, AC +3
a: Renounce Religion


You were on level 2 of the Dungeon.
You worshipped Wu Jian.
Wu Jian was noncommittal.
You were not hungry.

You visited 1 branch of the dungeon, and saw 2 of its levels.

You collected 119 gold pieces.

Inventory:

Hand Weapons
 f - a +0 dagger
 k - a +2 whip of electrocution (weapon)
Missiles
 b - 66 stones (quivered)
Armour
 c - a +0 robe
 m - a +0 scale mail (worn)
Scrolls
 j - a scroll of magic mapping {unknown}
 o - a scroll of fog {unknown}
 p - a scroll of remove curse {unknown}
Potions
 a - a potion of mutation {unknown}
 h - a potion of might {unknown}
 l - a potion of degeneration {unknown}
 n - a potion of flight {unknown}
Books
 e - a book of Geomancy

   Spells                             Type                      Level
   a - Sandblast                      Earth                        1
   b - Passwall                       Transmutation/Earth          2
   c - Stone Arrow                    Conjuration/Earth            3
   d - Petrify                        Transmutation/Earth          4
   e - Lee's Rapid Deconstruction     Earth                        5
Comestibles
 d - a bread ration
 g - 5 chunks of flesh
 i - 7 fruits
 q - a royal jelly


   Skills:
 + Level 2.7 Maces & Flails
 - Level 1.5 Dodging
 - Level 2.1 Stealth
 - Level 2.3 Spellcasting
   Level 0.7 Transmutations
 - Level 4.3 Earth Magic


You had 6 spell levels left.
You knew the following spells:

 Your Spells              Type           Power        Failure   Level  Hunger
a - Sandblast             Erth           ##....       21%         1    #......


Dungeon Overview and Level Annotations

Branches:
Dungeon (2/15)

Altars:
Kikubaaqudgha
Wu Jian


Innate Abilities, Weirdness & Mutations

You are resistant to torment.
Your stone body is resilient. (AC +3)
You are immune to poison.
You resist negative energy. (rN+)
You are resistant to electric shocks. (rElec)
You can survive without breathing.
You are immune to petrification.
You are immune to rotting.


Message History

Natasha is heavily wounded.
Natasha claws you. Natasha barely misses you.
You hit Natasha. Lightning courses through Natasha!
You kill Natasha!
The Council accepts your kill.
Natasha screams in fury as she dies!
Your Maces & Flails skill increases to level 2!
You have reached level 4!
You feel stronger.
You closely miss the orc. The orc barely misses you.
You hit the orc. Lightning courses through the orc!
You kill the orc!
The Council accepts your kill.
No target in view!
You start resting.
You closely miss the orc.
The orc priest calls down the wrath of Beogh upon you.
Beogh smites you!
Ouch! That really hurt!
You die...

#.# #.#.#
##.# #.#.#
#._#### #.
#.....#
#.....#
#.....#
##.#### #.#
#@#######
#o##....#.#
#.o.......#
####.(..###
#$..o#
#........
########.


You could see an orc priest and an orc.

Vanquished Creatures
  Natasha (D:2)
  An adder (D:2)
  A worm (D:2)
  A dart slug (D:2)
  An orc (D:2)
  A ball python (D:1)
  3 bats
  2 giant cockroaches
  4 goblins
  3 hobgoblins
  5 kobolds
  A quokka (D:2)
  3 frilled lizards (D:1)
  3 rats (D:1)
30 creatures vanquished.

Notes
Turn   | Place    | Note
-------+----------+-------------------------------------------
     0 | D:1      | Lochraine the Gargoyle Earth Elementalist began the quest for the Orb.
     0 | D:1      | Reached XP level 1. HP: 10/10 MP: 3/3
   216 | D:1      | Reached skill level 4 in Earth Magic
   344 | D:1      | Reached XP level 2. HP: 6/15 MP: 3/5
   986 | D:2      | Reached skill level 1 in Maces & Flails
   986 | D:2      | Reached XP level 3. HP: 9/19 MP: 4/6
  1124 | D:2      | Found an ancient bone altar of Kikubaaqudgha.
  1344 | D:2      | Found an ornate altar of the Wu Jian Council.
  1359 | D:2      | Became a worshipper of the Wu Jian Council
  1369 | D:2      | Noticed Natasha
  1381 | D:2      | Killed Natasha
  1381 | D:2      | Reached XP level 4. HP: 14/24 MP: 7/7
  1390 | D:2      | Killed from afar by an orc priest

Vault maps used:
D:1:      minmay_arrival_shattered_statue
D:2:      cheibrodos_pilgrimage, overflow_temple_1_default, lemuel_doored_altar,
          marbit_many_paths, uniq_natasha

Skill      XL: |  1  2  3 |
---------------+----------+-----
Earth Magic    | 4 |  4.3
Maces & Flails | 1 2 |  2.7
Dodging        | |  1.5
Stealth        | |  2.1
Spellcasting   | |  2.3
Transmutations | |  0.7

Action                   |  1- 3 |  4- 6 || total
-------------------------+-------+-------++-------
Melee: Dagger            |     9 |       ||     9
       Whip              |    72 |     3 ||    75
 Cast: Sandblast         |    11 |       ||    11
 Stab: Sleeping          |     4 |       ||     4
  Eat: Chunk             |     2 |       ||     2
Armor: Robe              |    24 |       ||    24
       Scale mail        |    12 |       ||    12
Dodge: Dodged            |    48 |     1 ||    49
